 Dungeon Crawl Stone Soup version 0.26-a0-1033-gd598b01645 (webtiles) character file.

Game seed: 7150786464721331524

592 ArelonLightweaver the Magician (level 7, -1/46 HPs)
             Began as a Mummy Summoner on Dec 8, 2020.
             Was a Follower of Sif Muna.
             Splashed by a jelly's acid (7 damage)
             ... on level 6 of the Dungeon on Dec 10, 2020.
             The game lasted 02:24:25 (6846 turns).

ArelonLightweaver the Magician (Mummy Summoner)     Turns: 6846, Time: 02:24:25

Health: -1/46      AC: -8    Str: 12    XL:     7   Next: 16%
Magic:  7/17       EV: 12    Int: 16    God:    Sif Muna [*.....]
Gold:   166        SH:  0    Dex: 12    Spells: 6/20 levels left

rFire    x . .     SeeInvis .   (no weapon)
rCold    + . .     Faith    .   (no shield)
rNeg     + + +     Spirit   .   d - +2 robe
rPois    ∞         Reflect  .   (no helmet)
rElec    .         Harm     .   (no cloak)
rCorr    .         Rampage  .   (no gloves)
Will     .....                  (no boots)
Stlth    ++........             (no amulet)
HPRegen  0.15/turn              (no ring)
MPRegen  0.15/turn              (no ring)

@: corroded
A: no potions, fire vulnerability, cold resistance 1, negative energy resistance
3, torment resistance, unbreathing
a: Channel Magic, Renounce Religion


You were on level 6 of the Dungeon.
You worshipped Sif Muna.
Sif Muna was aware of your devotion.
You visited 2 branches of the dungeon, and saw 7 of its levels.

You collected 261 gold pieces.
You spent 95 gold pieces at shops.

Inventory:

Armour
 d - a +2 robe (worn)
 g - a +0 robe
Scrolls
 a - a scroll of holy word {unknown}
 b - a scroll of teleportation {unknown}
 c - 3 scrolls of identify
 e - a scroll of remove curse {unknown}
 f - 2 scrolls of amnesia {unknown}
 h - a scroll of random uselessness {unknown}


   Skills:
 - Level 1.5 Dodging
 - Level 1.5 Stealth
 * Level 7.1 Spellcasting
 * Level 5.6 Summonings


You had 6 spell levels left.
You knew the following spells:

 Your Spells              Type           Power        Failure   Level
a - Summon Small Mammal   Summ           ###.         1%          1
b - Call Imp              Summ           ###.....     1%          2
c - Summon Guardian Gole  Hex/Summ       ##......     12%         3
d - Summon Ice Beast      Ice/Summ       ##......     36%         4
e - Call Canine Familiar  Summ           ###.....     3%          3
f - Shock                 Conj/Air       #...         12%         1

Your spell library contained the following spells:

 Spells                   Type           Power        Failure   Level
 Swiftness                Air            #.......     19%         2
 Ignite Poison            Fire/Tmut/Pois #.......     36%         3
 Inner Flame              Hex/Fire       #.......     36%         3
 Mephitic Cloud           Conj/Pois/Air  #.......     36%         3
 Static Discharge         Conj/Air       #.......     36%         3
 Summon Lightning Spire   Summ/Air       ##......     36%         4
 Lightning Bolt           Conj/Air       #.........   98%         5
 Eringya's Noxious Bog    Tmut/Pois      #.........   100%        6
 Spider Form              Tmut/Pois      Unusable     N/A         3

Dungeon Overview and Level Annotations

Branches:
Dungeon (6/15)             Temple (1/1) D:5

Altars:
Ashenzari
Cheibriados
Dithmenos
Elyvilon
Gozag
Hepliaklqana
Kikubaaqudgha
Makhleb
Nemelex Xobeh
Okawaru
Qazlal
Ru
Sif Muna
Trog
Uskayaw
Vehumet
Wu Jian
Xom
Yredelemnul
Zin
The Shining One

Shops:
D:5 ?


Innate Abilities, Weirdness & Mutations

You do not drink.
Your flesh is vulnerable to fire.
You are immune to poison.
Your flesh is cold resistant. (rC+)
You are immune to negative energy. (rN+++)
You are immune to unholy pain and torment.
You can survive without breathing.


Message History

Your crimson imp blinks!
The gnoll closely misses you.
Your crimson imp blinks!
You hit the jelly.
Your hands burn!
The jelly is lightly wounded.
The jelly misses you.
The gnoll hits you from afar with a +3 halberd of protection!
* * * LOW HITPOINT WARNING * * *
You completely miss the jelly.
The jelly is lightly wounded.
The jelly closely misses you.
You swap places.
Your guardian golem disappears in a puff of smoke!
The gnoll misses you.
Your white imp hits the jelly.
Your white imp freezes the jelly.
Your white imp is burned by acid!
The jelly hits you.
* * * LOW HITPOINT WARNING * * *
The acid corrodes you!
You are splashed with acid!
You die...

#.# #.# ... ##.#
# ... # #.##.##.#
##.#.#...#.#.###
....5g.5........
.#g#.#5.@#.#.#.
#.##J##.#
#.......# .
#.####.####.# #
#...........# #
.######.########
.
...............#
..
#######........#
....
#..............##
....


You could see a jelly, a gnoll, 2 friendly crimson imps and a friendly white imp
(summoned).

Vanquished Creatures
  An orc (D:4)
  A quokka (D:4)
2 creatures vanquished.

Vanquished Creatures (collateral kills)
  2 sky beasts (D:5)
  A phantom (D:5)
  A centaur (D:5)
  2 ogres
  2 scorpions (D:4)
  An orc priest (D:5)
  A hound (D:4)
  2 jellies
  3 orc wizards
  An iguana (D:3)
  3 worker ants (D:4)
  9 gnolls
  5 adders
  3 oozes
  A worm (D:3)
  2 dart slugs
  A leopard gecko (D:3)
  11 orcs
  2 ball pythons
  2 giant cockroaches
  9 goblins
  3 hobgoblins
  5 jackals (D:4)
  10 kobolds
  A quokka (D:2)
  A ball python skeleton (D:4)
  7 bats
  A frilled lizard (D:1)
  6 rats
98 creatures vanquished.

Vanquished Creatures (others)
  An orc priest (D:4)
  An orc wizard (D:4)
  4 toadstools (D:1)
6 creatures vanquished.

Grand Total: 106 creatures vanquished

Notes
Turn   | Place    | Note
-------+----------+-------------------------------------------
     0 | D:1      | ArelonLightweaver the Mummy Summoner began the quest for
                  | the Orb.
     0 | D:1      | Reached XP level 1. HP: 13/13 MP: 4/4
   201 | D:1      | Reached skill level 3 in Spellcasting
   201 | D:1      | Reached XP level 2. HP: 19/19 MP: 1/6
  1440 | D:1      | Learned a level 2 spell: Call Imp
  1500 | D:1      | Reached XP level 3. HP: 2/24 MP: 1/8
  2348 | D:2      | Found a snail-covered altar of Cheibriados.
  2720 | D:3      | Found a shadowy altar of Dithmenos.
  2805 | D:3      | Reached XP level 4. HP: 30/30 MP: 3/9
  2918 | D:3      | Learned a level 3 spell: Summon Guardian Golem
  3400 | D:3      | Reached skill level 4 in Spellcasting
  3487 | D:3      | Learned a level 4 spell: Summon Ice Beast
  3693 | D:3      | Noticed a nameless horror
  3708 | D:3      | Found a shimmering blue altar of Sif Muna.
  4060 | D:3      | Noticed an ogre
  4065 | D:3      | Killed an ogre
  4160 | D:3      | Became a worshipper of Sif Muna the Loreminder
  4288 | D:4      | Reached XP level 5. HP: 35/35 MP: 3/12
  4656 | D:4      | Reached skill level 5 in Spellcasting
  4896 | D:4      | Learned a level 3 spell: Call Canine Familiar
  5211 | D:4      | Found an iron altar of Okawaru.
  5253 | D:4      | Found a broken altar of Ashenzari.
  5434 | D:4      | Identified Sif Muna's Catalogue of Nocuous Heat
  5466 | D:4      | Noticed an ogre
  5479 | D:4      | Killed an ogre
  5480 | D:4      | Reached XP level 6. HP: 41/41 MP: 2/14
  5664 | D:4      | Reached skill level 5 in Summonings
  5737 | D:5      | Entered Level 5 of the Dungeon
  5737 | D:5      | Found Awonlasu's Magic Scroll Shop.
  5745 | D:4      | Reached * piety under Sif Muna
  5830 | D:5      | Bought a scroll of enchant armour for 75 gold pieces
  5842 | D:5      | Bought a scroll of identify for 20 gold pieces
  5856 | D:5      | Identified the Catalogue of Air
  5879 | D:5      | Reached skill level 6 in Spellcasting
  6003 | D:5      | Noticed a sky beast
  6026 | D:5      | Killed a sky beast
  6041 | D:5      | Learned a level 1 spell: Shock
  6205 | D:5      | Found a staircase to the Ecumenical Temple.
  6216 | Temple   | Entered the Ecumenical Temple
  6490 | D:5      | Noticed a sky beast
  6503 | D:5      | Killed a sky beast
  6504 | D:5      | Reached XP level 7. HP: 34/46 MP: 7/17
  6543 | D:5      | Upgraded the game from 0.26-a0-1020-ge47f559bc5 to
                  | 0.26-a0-1033-gd598b01645
  6759 | D:6      | Reached skill level 7 in Spellcasting
  6805 | D:6      | Found a sacrificial altar of Ru.
  6846 | D:6      | Splashed by a jelly's acid

Illustrated notes

Levels and vault maps discovered:
D:1:      ldierk_water_garden, layout_loops_ring
D:2:      layout_rooms, general_overflow_altar
D:3:      layout_basic, led_sif_pool, grunt_dithmenos_smoke_and_mirrors
D:4:      layout_rooms, overflow_temple_1_default, okawaru_ov_weapons_minmay
D:5:      layout_basic, minmay_temple_entry_ruins, serial_shops,
          nicolae_shop_competitors_out_of_business, kennysheep_generic_room_7,
          uniq_edmund
D:6:      layout_basic, nicolae_ru_sacrificial_ziggurat
Temple:   eino_narrow_crystal_temple

Skill      XL: |  1  2  3  4  5  6  7 |
---------------+----------------------+-----
Spellcasting   | 3 4 5 6 7 |  7.1
Summonings     | 4 5 |  5.6
Dodging        | |  1.5
Stealth        | |  1.5

Action                   |  1- 3 |  4- 6 |  7- 9 || total
-------------------------+-------+-------+-------++-------
Melee: Unarmed           |     2 |    18 |    10 ||    30
 Cast: Summon Small Mamm |    79 |    43 |       ||   122
       Call Imp          |    39 |    95 |     9 ||   143
       Summon Guardian G |       |     8 |     3 ||    11
       Summon Ice Beast  |       |     1 |       ||     1
       Call Canine Famil |       |     7 |     5 ||    12
       Shock             |       |     5 |       ||     5
Invok: Channel Magic     |       |     1 |     1 ||     2
  Use: Scroll            |       |     4 |       ||     4
 Stab: Distracted        |       |     1 |       ||     1
Armor: Robe              |    33 |    15 |     2 ||    50
Dodge: Dodged            |    79 |    70 |    15 ||   164

Table legend: (Time is in decaauts)
 A = Elapsed time spent in this place.
 B = Non-inter-level travel time spent in this place.
 C = Inter-level travel time spent in this place.
 D = Time resting spent in this place.
 E = Time spent auto-exploring this place.
 F = Levels seen in this place.
 G = Mean time per level.
                   A        B        C        D        E       F      G
               +--------+--------+--------+--------+--------+-----+--------+
         Total |   6849 |   5527 |   1322 |   2106 |    841 |   7 |  978.4 |
       Dungeon |   6642 |   5477 |   1165 |   2106 |    841 |   6 | 1107.0 |
        Temple |    206 |     49 |    157 |      0 |      0 |   1 |  206.0 |
               +--------+--------+--------+--------+--------+-----+--------+

Top non-repeatable levels by time:
     D:3: 1738 daAuts
     D:4: 1569 daAuts
     D:1: 1470 daAuts
     D:2: 1034 daAuts
     D:5: 735 daAuts
  Temple: 206 daAuts
     D:6: 93 daAuts
